 Dungeon Sprint DCSS version 0.26-a0-649-gf8c6c3aab7 (webtiles) character file.

Game seed: 2272301716628134070

106 sahdkjhfkaj the Nimble (level 4, -14/18 HPs)
             Began as a Felid Ice Elementalist on Sept 26, 2020.
             Was a High Priest of Sif Muna.
             Demolished by a large abomination (32 damage)
             ... in the Dungeon (Sprint VII: "The Pits").
             The game lasted 00:02:40 (971 turns).

sahdkjhfkaj the Nimble (Felid Ice Elementalist)      Turns: 971, Time: 00:02:42

Health: -14/18     AC:  1    Str:  4    XL:     4   Next: 55%
Magic:  12/13      EV: 24    Int: 18    God:    Sif Muna [*****.]
Gold:   0          SH:  0    Dex: 16    Spells: 11/15 levels left
                                        Lives:  0   Deaths: 1

rFire    . . .     SeeInvis +   (weapon unavailable)
rCold    . . .     Faith    .   (shield unavailable)
rNeg     . . .     Spirit   .   (armour unavailable)
rPois    .         Reflect  .   (helmet unavailable)
rElec    .         Harm     .   (cloak unavailable)
rCorr    .         Rampage  .   (gloves unavailable)
MR       .....     NoTele   +   (boots unavailable)
Stlth    +++.......             (no amulet)
HPRegen  0.06/turn              (no ring)
MPRegen  0.13/turn              (no ring)

@: quick
A: very small, no armour, no weapons or thrown items, stealth, claws 1, fangs 3,
see invisible, speed 1, shaggy fur 1, sharp paws
a: Channel Magic, Forget Spell, Divine Exegesis, Renounce Religion


You were in the Dungeon.
You worshipped Sif Muna.
Sif Muna was extremely pleased with you.
You visited 1 branch

Inventory:

Scrolls
 g - a scroll of blinking
 h - 3 scrolls of remove curse
 i - 5 scrolls of amnesia
 j - a scroll of summoning
 k - 2 scrolls of vulnerability
Potions
 a - a potion of invisibility
 b - 6 potions of curing
 c - 6 potions of heal wounds
 d - a potion of haste
 e - 4 potions of magic
 f - a potion of berserk rage


   Skills:
 + Level 8.4 Dodging
 - Level 2.6 Stealth
 + Level 6.3 Spellcasting
 * Level 7.7 Ice Magic


You had 11 spell levels left.
You knew the following spells:

 Your Spells              Type           Power        Failure   Level
a - Freeze                Ice            ####         1%          1
b - Frozen Ramparts       Ice            ####..       1%          3

Your spell library contained the following spells:

 Spells                   Type           Power        Failure   Level
 Ozocubu's Armour         Ice            ####....     1%          3
 Hailstorm                Conj/Ice       ###.....     24%         4
 Ice Form                 Ice/Tmut       ###.....     24%         4
 Summon Ice Beast         Ice/Summ       ###.....     24%         4
 Metabolic Englaciation   Hex/Ice        ###.......   54%         5
 Freezing Cloud           Conj/Ice/Air   ##........   99%         6


Dungeon Overview and Level Annotations

Branches:
Dungeon (1/1)

Altars:
Ashenzari
Cheibriados
Dithmenos
Elyvilon
Fedhas
Gozag
Hepliaklqana
Kikubaaqudgha
Makhleb
Nemelex Xobeh
Okawaru
Qazlal
Ru
Sif Muna
Trog
Uskayaw
Vehumet
Wu Jian
Xom
Yredelemnul
Zin
The Shining One
Beogh
Jiyva
Lugonu


Innate Abilities, Weirdness & Mutations

You cannot wear armour.
You are incapable of wielding weapons or throwing items.
Your paws allow you to move quietly. (Stealth)
You have sharp claws.
You have razor-sharp teeth.
You have supernaturally acute eyesight. (SInv)
You cover ground quickly.
You are covered in fur. (AC +1)
Your sharp claws are effective at attacking unaware monsters.


Message History

The large abomination is severely damaged.
The wall freezes the large abomination.
The large abomination hits you!!
Ouch! That really hurt!
You die...
You are now level 4!
You rejoin the land of the living...
Unknown command.
Unknown command.
There is an open door here.
There is an open door here.
Casting: Freeze (safe; 1% risk of failure)
Confirm with . or Enter, or press ? or * to list all spells.
Aiming: Freeze (safe; 1% risk of failure)
Press: ? - help, Shift-Dir - straight line, f/p - large abomination
Aim: a large abomination (severely damaged)
You freeze the large abomination.
The large abomination is almost destroyed.
The large abomination hits you!!
Ouch! That really hurt!
You die...

#)#........##.......#
#)###########.......#
#.......# #########
#...)...# #...#...#
#..###..#+#
#...#...#.+
#.......#'#
#...†.).X@#
###########


You could see a large abomination.

Vanquished Creatures
  A hound (D)
  An orc priest (D)
  A gnoll shaman (D)
  An iron imp (D)
  An orc wizard (D)
  A worker ant (D)
  A river rat (D)
  2 ufetubi (D)
  A leopard gecko (D)
  5 orcs (D)
  A hobgoblin (D)
  3 jackals (D)
  2 kobolds (D)
  3 rats (D)
24 creatures vanquished.

Notes
Turn   | Place    | Note
-------+----------+-------------------------------------------
     0 | D        | sahdkjhfkaj the Felid Ice Elementalist began the quest for
                  | the Orb.
     0 | D        | Reached XP level 1. HP: 7/7 MP: 4/4
    14 | D        | Reached skill level 3 in Dodging
    18 | D        | Found a bloodstained altar of Trog.
    18 | D        | Found a shimmering blue altar of Sif Muna.
    18 | D        | Found a viscous altar of Jiyva.
    18 | D        | Found a hazy altar of Hepliaklqana.
    18 | D        | Found an opulent altar of Gozag.
    19 | D        | Found a glowing golden altar of the Shining One.
    19 | D        | Found a glowing silver altar of Zin.
    19 | D        | Found a basalt altar of Yredelemnul.
    19 | D        | Found a shimmering altar of Xom.
    19 | D        | Found an ornate altar of the Wu Jian Council.
    19 | D        | Found a sacrificial altar of Ru.
    19 | D        | Found a stormy altar of Qazlal.
    19 | D        | Found an iron altar of Okawaru.
    19 | D        | Found a sparkling altar of Nemelex Xobeh.
    19 | D        | Found a burning altar of Makhleb.
    19 | D        | Found a blossoming altar of Fedhas.
    19 | D        | Found a white marble altar of Elyvilon.
    19 | D        | Found a shadowy altar of Dithmenos.
    19 | D        | Found a snail-covered altar of Cheibriados.
    20 | D        | Found a radiant altar of Vehumet.
    20 | D        | Found a corrupted altar of Lugonu.
    20 | D        | Found a roughly hewn altar of Beogh.
    21 | D        | Found a hide-covered altar of Uskayaw.
    21 | D        | Found an ancient bone altar of Kikubaaqudgha.
    21 | D        | Found a broken altar of Ashenzari.
    26 | D        | Became a worshipper of Sif Muna the Loreminder
    53 | D        | Noticed a worker ant
    68 | D        | Killed a worker ant
    68 | D        | Reached skill level 5 in Dodging
    68 | D        | Reached XP level 2. HP: 5/11 MP: 0/7
   269 | D        | Reached * piety under Sif Muna
   275 | D        | Reached XP level 3. HP: 7/14 MP: 3/9
   496 | D        | Learned a level 3 spell: Frozen Ramparts
   505 | D        | Reached ** piety under Sif Muna
   505 | D        | Reached skill level 5 in Ice Magic
   521 | D        | Reached *** piety under Sif Muna
   521 | D        | Reached skill level 6 in Dodging
   521 | D        | Reached XP level 4. HP: 11/18 MP: 0/11
   738 | D        | Reached skill level 5 in Spellcasting
   796 | D        | Reached **** piety under Sif Muna
   799 | D        | Reached skill level 7 in Dodging
   805 | D        | Reached XP level 5. HP: 21/21 MP: 8/14
   824 | D        | Reached ***** piety under Sif Muna
   830 | D        | Reached skill level 8 in Dodging
   832 | D        | Identified Pusoth's Guide on Ice (Sif Muna gifted it to you
                  | in the Dungeon)
   832 | D        | Received a gift from Sif Muna
   958 | D        | Noticed a large abomination
   967 | D        | Demolished by a large abomination
   968 | D        | Reached XP level 4. HP: -14/18 MP: 10/13
   971 | D        | Demolished by a large abomination

Illustrated notes

Levels and vault maps discovered:
D:        pitsprint [storerooms_1, entrance_room_1, metal_vault_8, armoury_2,
          mini_pit_1, grid_room_1, main_hall_1, silver_pit, the_coven_2,
          the_vestibule_1, steel_vault_1, golden_pit, hallway_of_sentries,
          crystal_vault_5, iron_vault_1, final_vault]

Skill      XL: |  1  2  3  4  5 |
---------------+----------------+-----
Dodging        | 5 6 7 8 |  8.4
Spellcasting   | 3 4 5 6 |  6.3
Ice Magic      | 4 5 6 7 |  7.7
Stealth        | |  2.6

Action                   |  1- 3 |  4- 6 || total
-------------------------+-------+-------++-------
Melee: Unarmed           |    16 |     6 ||    22
       Bite              |     2 |       ||     2
 Cast: Freeze            |    14 |     8 ||    22
       Frozen Ramparts   |     1 |     7 ||     8
  Use: Potion            |     3 |       ||     3
 Stab: Distracted        |       |     1 ||     1
Armor: Skin              |     2 |       ||     2
Dodge: Dodged            |    26 |    17 ||    43

Table legend: (Time is in decaauts)
 A = Elapsed time spent in this place.
 B = Non-inter-level travel time spent in this place.
 C = Inter-level travel time spent in this place.
 D = Time resting spent in this place.
 E = Time spent auto-exploring this place.
 F = Levels seen in this place.
 G = Mean time per level.
                   A        B        C        D        E       F      G
               +--------+--------+--------+--------+--------+-----+--------+
         Total |    960 |    943 |     17 |    692 |     37 |   1 |  960.0 |
       Dungeon |    960 |    943 |     17 |    692 |     37 |   1 |  960.0 |
               +--------+--------+--------+--------+--------+-----+--------+

Top non-repeatable levels by time:
       D: 960 daAuts
